 Dungeon Crawl Stone Soup version 0.24.0-37-gcf1ca852f1 (webtiles) character file.

Game seed: 15852103690421986920, levelgen mode: deterministic

122843 Amplified the Warrior (level 16, -1/187 HPs)
             Began as an Ogre Fire Elementalist on Nov 29, 2019.
             Was the Champion of Vehumet.
             Slain by a +1 dire flail of draining (6 damage)
             ... on level 2 of the Elven Halls.
             The game lasted 01:25:43 (27152 turns).

Amplified the Warrior (Ogre Fire Elementalist)     Turns: 27152, Time: 01:25:43

Health: -1/187     AC: 13    Str: 16    XL:     16   Next: 88%
Magic:  6/30       EV: 10    Int: 25    God:    Vehumet [******]
Gold:   1615       SH:  6    Dex: 14    Spells: 8/35 levels left

rFire    + + .     SeeInvis .   o - +8 quarterstaff "Jucvehut" {venom, +Blink Dex+4}
rCold    + . .     Gourm    .   (shield currently unavailable)
rNeg     . . .     Faith    .   F - +1 acid dragon scales of the Black Moon {rElec rF++ rCorr Str-2}
rPois    +         Spirit   .   Y - +2 hat
rElec    +         Reflect  +   l - +2 cloak
rCorr    +         Harm     .   (gloves unavailable)
MR       ++...                  (boots unavailable)
Stlth    +.........             w - +6 amulet of reflection
HPRegen  0.81/turn              T - ring of protection from magic
MPRegen  0.22/turn              z - ring of protection from cold

@: brilliant, very slightly contaminated, extremely drained
A: large, unfitting armour, poison resistance, regeneration 1, strong 1, tough
skin 1, MP-powered wands
a: Renounce Religion, Evoke Blink


You were on level 2 of the Elven Halls.
You worshipped Vehumet.
Vehumet was exalted by your worship.
You were near starving.

You visited 6 branches of the dungeon, and saw 27 of its levels.
You also visited: Bailey and Volcano.

You collected 2668 gold pieces.
You spent 1053 gold pieces at shops.

Inventory:

Hand Weapons
 b - the +9 great sword "Cithrid" {vamp, rN++ Int+6 Dex-3}
   (You found it on level 15 of the Dungeon)

   It inflicts no extra harm, but heals its wielder when it wounds a living foe.
   It affects your intelligence (+6).
   It affects your dexterity (-3).
   It greatly protects you from negative energy.
 h - a +6 short sword of venom
 o - the +8 quarterstaff "Jucvehut" (weapon) {venom, +Blink Dex+4}
   (You found it in a bailey)

   It poisons the flesh of those it strikes.
   It affects your dexterity (+4).
   It lets you blink.
Missiles
 n - 78 poisoned darts (quivered)
Armour
 j - a +1 robe of the Archmagi
 l - a +2 cloak (worn)
 y - +2 pearl dragon scales
 E - the +2 troll leather armour "Tiasostat" {*Corrode rN++ Regen+ MP+9 SInv}
   (You found it in a bailey)

   It greatly protects you from negative energy.
   It affects your magic capacity (+9).
   It lets you see invisible.
   It increases your rate of regeneration.
   It may corrode you when you take damage.
 F - the +1 acid dragon scales of the Black Moon (worn) {rElec rF++ rCorr Str-2}
   (You found it in a bailey)

   It affects your strength (-2).
   It greatly protects you from fire.
   It insulates you from electricity.
   It provides partial protection from all sources of acid and corrosion.
 N - the +5 shield "Obilobru" {*Drain Regen+ Str+2 Int+2}
   (You took it off a human on level 13 of the Dungeon)

   It affects your strength (+2).
   It affects your intelligence (+2).
   It increases your rate of regeneration.
   It causes draining when unequipped.
 Y - a +2 hat (worn)
Magical Staves
 k - an uncursed staff of fire
Jewellery
 d - an uncursed ring of poison resistance
 r - a +4 amulet of reflection
 s - an uncursed ring of protection from magic
 w - a +6 amulet of reflection (around neck)
 z - a ring of protection from cold (right hand)
 L - an uncursed ring of protection from fire
 M - an uncursed ring of positive energy
 T - a ring of protection from magic (left hand)
Wands
 f - a wand of flame (23)
 x - a wand of polymorph (28)
 I - a wand of paralysis (15)
Scrolls
 a - a scroll of enchant armour
 e - 12 scrolls of remove curse
 p - a scroll of identify
 q - 3 scrolls of fog
 C - 3 scrolls of amnesia
 K - 4 scrolls of enchant weapon
 O - a scroll of silence
 X - 2 scrolls of brand weapon
Potions
 i - a potion of lignification
 m - 4 potions of mutation
 D - a potion of ambrosia
 W - a potion of flight
Miscellaneous
 G - a crystal ball of energy
 U - a fan of gales (inert)
Comestibles
 c - 26 rations


   Skills:
 * Level 18.3(9.1) Fighting
   Level 6.8(0.8) Maces & Flails
 - Level 7.1(1.3) Staves
 * Level 9.4(1.9) Armour
 * Level 10.4(2.7) Dodging
 - Level 1.4(0.0) Stealth
 - Level 9.0(1.6) Shields
 - Level 10.4(2.7) Spellcasting
 - Level 8.4(1.1) Conjurations
 - Level 8.9(1.5) Fire Magic


You had 8 spell levels left.
You knew the following spells:

 Your Spells              Type           Power        Failure   Level  Hunger
a - Flame Tongue          Conj/Fire      ####.        1%          1    None
b - Conjure Flame         Conj/Fire      ####....     3%          3    ###....
c - Inner Flame           Hex/Fire       ###.....     3%          3    ###....
d - Sticky Flame          Conj/Fire      ####....     10%         4    ####...
e - Fireball              Conj/Fire      ####......   22%         5    ######.
f - Force Lance           Conj/Tloc      ###.....     12%         4    ####...
g - Confusing Touch       Hex            ###...       1%          1    None
h - Bolt of Fire          Conj/Fire      ####......   69%         6    #######

Your spell library contained the following spells:

 Spells                   Type           Power        Failure   Level  Hunger
 Spellforged Servitor     Conj/Summ      ###.......   99%         7    #######
 Corona                   Hex            ###....      1%          1    None
 Magic Dart               Conj           ###.         1%          1    None
 Sting                    Conj/Pois      ###.         1%          1    None
 Summon Small Mammal      Summ           ###.         1%          1    None
 Searing Ray              Conj           ###...       1%          2    ##.....
 Throw Flame              Conj/Fire      ####..       1%          2    ##.....
 Call Imp                 Summ           ###.....     2%          2    ##.....
 Ensorcelled Hibernation  Hex/Ice        ###...       2%          2    ##.....
 Poisonous Vapours        Pois/Air       ###...       2%          2    ##.....
 Call Canine Familiar     Summ           ###.....     4%          3    ###....
 Confuse                  Hex            ###.....     4%          3    ###....
 Dazzling Spray           Conj/Hex       ###...       4%          3    ###....
 Gell's Gravitas          Tloc           ###.......   4%          3    ###....
 Mephitic Cloud           Conj/Pois/Air  ###.....     4%          3    ###....
 Summon Guardian Golem    Hex/Summ       ###.....     4%          3    ###....
 Tukima's Dance           Hex            ###.....     4%          3    ###....
 Iskenderun's Mystic Bla  Conj           ###.....     10%         4    ####...
 Fulminant Prism          Conj/Hex       ###.......   12%         4    ####...
 Olgreb's Toxic Radiance  Pois           ###.....     14%         4    ####...
 Petrify                  Tmut/Erth      ###.....     14%         4    ####...
 Summon Ice Beast         Ice/Summ       ###.....     14%         4    ####...
 Summon Lightning Spire   Summ/Air       ###.....     14%         4    ####...
 Venom Bolt               Conj/Pois      ###.......   30%         5    ######.
 Metabolic Englaciation   Hex/Ice        ###.......   34%         5    ######.
 Yara's Violent Unravell  Hex/Tmut       ###.......   34%         5    ######.


Dungeon Overview and Level Annotations

Branches:
Dungeon (15/15)            Temple (1/1) D:6            Lair (6/6) D:10
 Shoals (0/4) Lair:4        Snake (1/4) Lair:2        Slime (0/5) Lair:6
    Orc (2/2) D:11            Elf (2/3) Orc:2        Vaults (0/5) D:13
 Depths (0/5) D:15         Bailey (visited)         Volcano (visited)

Altars:
Ashenzari
Cheibriados
Dithmenos
Elyvilon
Fedhas
Gozag
Hepliaklqana
Kikubaaqudgha
Makhleb
Nemelex Xobeh
Okawaru
Qazlal
Ru
Sif Muna
Trog
Uskayaw
Vehumet
Wu Jian
Xom
Yredelemnul
Zin
The Shining One
Beogh
Jiyva

Shops:
D:10 (   Orc:2 =:[   Elf:2 %

Annotations:
D:8 Skillset for safe Lair.
Lair:2 Elf?
Lair:3 Snorg
Elf:1 Frances, Roxanne


Innate Abilities, Weirdness & Mutations

You are too large for most types of armour.
You have tough skin. (AC +1)
Your system is resistant to poisons. (rPois)
Your natural rate of healing is unusually fast.
Your muscles are strong. (Str +2)
You expend magic power (3 MP) to strengthen your wands.


Message History

Aiming: Force Lance (safe; 10% risk of failure)
Press: ? - help, Shift-Dir - straight line, f/p - +1 dire flail of draining
Aim: a +1 dire flail of draining (moderately damaged)
You miscast Force Lance.
You are very lightly contaminated with residual magic.
Nothing appears to happen.
The +1 dire flail of draining hits you!
* * * LOW HITPOINT WARNING * * *
You feel drained.
* * * LOW HITPOINT WARNING * * *
Casting: Force Lance (safe; 11% risk of failure)
Confirm with . or Enter, or press ? or * to list all spells.
Aiming: Force Lance (safe; 11% risk of failure)
Press: ? - help, Shift-Dir - straight line, f/p - +1 dire flail of draining
Aim: a +1 dire flail of draining (moderately damaged)
The lance of force misses the +1 dire flail of draining.
You are near starving!
The +1 dire flail of draining hits you!
* * * LOW HITPOINT WARNING * * *
You feel drained.
You die...

#.# #)# #........ #'###
#.# #### #### ##.......
....## #.###..+ #.)#
#........
.....######.##..⌠#
#).###'.......
............#....#
#)..'.'#......
......###...'....+
#...'.##...... ......#
##..#....#
#...'.'#...... ......#
##.##..⌠###..###'.......
......# #.###.@(.'..#
#........ .....## #.#
######### ##.......
....#'## #.# #........
#'####.## #.# ##.......
#(# ##.##### ##......
#.# ##.## #...#.. #.#
##.## ...###. #'##
##.##### ..## # .(.##
##'...## ...


You could see a +1 dire flail of draining.

Vanquished Creatures
  Jorgrun (Orc:2)
  A deep elf blademaster (Elf:2)
  Aizul (Elf:1)
  A deep elf sorcerer (Elf:1)
  A very ugly thing (D:12)
  A fire dragon (D:12)
  2 vault guards (D:13)
  2 yaktaur captains
  A naga warrior (Snake:1)
  9 hydras
  2 centaur warriors (D:15)
  4 catoblepae (Lair:6)
  8 dancing weapons
  6 two-headed ogres
  7 death yaks (Lair:6)
  2 shock serpents (Snake:1)
  8 deep elf knights
  The ghost of Flure the Grappler, a novice VSMo of Gozag (D:7)
  An unseen horror (D:13)
  A skeletal warrior (Volcano)
  8 deep elf archers
  24 deep elf magi
  A wizard (Elf:1)
  13 orc knights
  5 ugly things
  2 oklob plants (Lair:4)
  An orc sorcerer (Elf:2)
  4 manticores
  3 cyclopes
  Maurice (Orc:1)
  5 spiny frogs
  A torpor snail (Lair:6)
  An eye of devastation (D:10)
  2 spiny frogs (shapeshifter)
  5 elephants
  3 centaur skeletons
  7 gargoyles
  8 black mambas
  2 rime drakes
  A kobold demonologist (Elf:1)
  A yaktaur (D:15)
  6 komodo dragons
  5 trolls
  4 meliai
  A hornet (D:15)
  22 blink frogs
  A meliai zombie (D:15)
  5 slime creatures
  Grinder (D:5)
  9 hippogriffs
  2 flying skulls (Volcano)
  Sigmund (D:4)
  4 wraiths (D:12)
  A shadow (D:15)
  5 wyverns
  2 water elementals
  61 yaks
  Grum (D:8)
  10 humans (D:13)
  A steam dragon (D:14)
  3 basilisks
  13 wargs
  3 hungry ghosts
  Menkaure (D:5)
  2 acid dragons
  9 porcupines
  2 nagas (Snake:1)
  42 orc warriors
  23 water moccasins
  2 sky beasts
  3 ice beasts
  2 eyes of draining
  2 phantoms
  36 wolves
  8 ogres
  14 crocodiles
  2 centaurs
  Blork the orc (D:6)
  9 bullfrogs
  A big kobold (shapeshifter) (D:13)
  3 big kobolds
  A wyvern zombie (D:11)
  An earth elemental (Elf:1)
  3 scorpions
  6 killer bees (D:10)
  2 troll skeletons (Volcano)
  4 wights (D:12)
  4 electric eels
  6 howler monkeys
  A bullfrog zombie (D:13)
  8 crimson imps
  3 centaur zombies
  7 hounds
  7 orc priests
  17 orc wizards
  A jelly (D:9)
  3 bullfrog skeletons
  An iguana (D:14)
  Natasha (twice) (D:4)
  8 worker ants
  4 hound skeletons
  3 gnolls (D:8)
  18 adders
  2 shadow imps
  An ooze (D:4)
  An adder skeleton (D:7)
  2 adder zombies
  3 worms
  4 dart slugs
  9 leopard geckos
  84 orcs
  A ball python (D:3)
  9 giant cockroaches
  2 gnoll zombies (D:9)
  8 goblins
  4 hobgoblins
  6 jackals
  19 kobolds
  7 quokkas
  A ball python skeleton (D:4)
  7 bats
  4 frilled lizards
  A leopard gecko skeleton (D:4)
  A quokka zombie (D:5)
  6 rats
  A plant (Lair:2)
774 creatures vanquished.

Vanquished Creatures (collateral kills)
  An orc knight (Bailey)
  A crimson imp (D:8)
  5 orcs
7 creatures vanquished.

Vanquished Creatures (others)
  3 deep elf knights (Elf:2)
  A deep elf mage (Elf:1)
  2 deep elf archers
  A hippogriff (D:8)
  A warg (Orc:1)
  A black bear (D:7)
  A boggart (Elf:1)
  A bush (Lair:6)
  18 fungi
  24 plants
53 creatures vanquished.

Grand Total: 834 creatures vanquished

Notes
Turn   | Place    | Note
-------+----------+-------------------------------------------
     0 | D:1      | Amplified the Ogre Fire Elementalist began the quest for
                  | the Orb.
     0 | D:1      | Reached XP level 1. HP: 16/16 MP: 3/3
    96 | D:1      | Reached skill level 1 in Conjurations
   146 | D:1      | Reached skill level 1 in Fighting
   196 | D:1      | Reached XP level 2. HP: 21/27 MP: 2/5
   454 | D:1      | Reached XP level 3. HP: 26/35 MP: 5/7
   592 | D:1      | Gained mutation: Your natural rate of healing is unusually
                  | fast. [potion of mutation]
   592 | D:1      | Gained mutation: You expend magic power (3 MP) to
                  | strengthen your wands. [potion of mutation]
   592 | D:1      | Gained mutation: Your system is resistant to poisons.
                  | (rPois) [potion of mutation]
   592 | D:1      | Gained mutation: Your muscles are strong. (Str +2) [potion
                  | of mutation]
   608 | D:1      | Learned a level 3 spell: Conjure Flame
   612 | D:1      | Learned a level 3 spell: Inner Flame
   726 | D:2      | Reached skill level 2 in Fighting
  1308 | D:2      | Reached XP level 4. HP: 42/42 MP: 9/9
  1565 | D:2      | Reached skill level 1 in Maces & Flails
  1654 | D:3      | Found a sparkling altar of Nemelex Xobeh.
  1655 | D:3      | Found a white marble altar of Elyvilon.
  1838 | D:3      | Found a hide-covered altar of Uskayaw.
  2228 | D:4      | Noticed Natasha
  2302 | D:3      | Reached XP level 5. HP: 48/50 MP: 10/10
  2332 | D:4      | Noticed an ice beast
  2359 | D:3      | Killed an ice beast
  2359 | D:3      | Reached skill level 3 in Fighting
  2454 | D:4      | Reached XP level 6. HP: 39/61 MP: 1/12
  2538 | D:4      | Noticed Sigmund
  2582 | D:4      | Learned a level 4 spell: Sticky Flame
  2735 | D:4      | Reached skill level 4 in Fighting
  2823 | D:4      | Noticed a phantom
  2824 | D:4      | Noticed a sky beast
  2875 | D:4      | Killed a sky beast
  2875 | D:4      | Reached XP level 7. HP: 38/71 MP: 1/14
  3048 | D:4      | Reached skill level 5 in Spellcasting
  3369 | D:4      | Killed Sigmund
  3369 | D:4      | Reached skill level 5 in Fighting
  3376 | D:4      | Killed Natasha
  3567 | D:5      | Entered Level 5 of the Dungeon
  3672 | D:4      | Noticed Natasha
  3683 | D:4      | Killed Natasha
  3683 | D:4      | Reached XP level 8. HP: 58/81 MP: 16/16
  3705 | D:5      | Noticed Ijyb
  3847 | D:5      | Noticed Blork the orc
  3847 | D:5      | Noticed Grinder
  3856 | D:5      | Found a shimmering blue altar of Sif Muna.
  3864 | D:6      | Killed Blork the orc
  3874 | D:6      | Found a staircase to the Ecumenical Temple.
  3896 | Temple   | Entered the Ecumenical Temple
  3980 | D:6      | Reached skill level 6 in Fighting
  4077 | D:6      | Got a pitted flail
  4116 | D:6      | Identified the cursed +1 flail of Xetublua {pain, MR- Str-4
                  | Dex+8} (You found it on level 6 of the Dungeon)
  5143 | D:7      | Found a shimmering altar of Xom.
  5143 | D:7      | Noticed Flure's ghost (novice VSMo)
  5143 | D:7      | Noticed a +0 short sword of chaos
  5145 | D:7      | Found a runed translucent door.
  5185 | D:7      | Found a radiant altar of Vehumet.
  5284 | D:7      | Found a burning altar of Makhleb.
  5516 | D:7      | Became a worshipper of Vehumet
  5546 | D:8      | Found a stormy altar of Qazlal.
  5564 | D:8      | Reached skill level 7 in Fighting
  5754 | D:8      | Reached XP level 9. HP: 93/93 MP: 8/19
  5798 | D:8      | Found a hazy altar of Hepliaklqana.
  6014 | D:8      | Reached skill level 5 in Maces & Flails
  6154 | D:8      | Noticed Grum
  6174 | D:8      | Killed Grum
  6202 | D:8      | Reached skill level 8 in Fighting
  6400 | D:8      | Reached * piety under Vehumet
  6400 | D:8      | Offered knowledge of Freeze by Vehumet.
  7100 | D:9      | Learned a level 5 spell: Fireball
  7244 | D:9      | You fall into a shaft and drop 2 floors!
  7278 | D:11     | Found a flagged portal.
  7295 | Bailey   | Entered a bailey
  7295 | Bailey   | Noticed an orc knight
  7298 | Bailey   | Noticed an orc knight
  7303 | Bailey   | Reached skill level 5 in Fire Magic
  7319 | Bailey   | Noticed an orc knight
  7323 | Bailey   | Killed an orc knight
  7323 | Bailey   | Reached skill level 9 in Fighting
  7323 | Bailey   | Reached XP level 10. HP: 101/107 MP: 0/22
  7324 | Bailey   | Noticed an orc knight
  7329 | Bailey   | Killed an orc knight
  7349 | Bailey   | Got a bloodstained troll leather armour
  7355 | Bailey   | Got polished acid dragon scales
  7481 | Bailey   | Killed an orc knight
  7724 | Bailey   | Killed an orc knight
  7738 | Bailey   | Got a faintly glowing quarterstaff
  7770 | D:12     | Noticed a two-headed ogre
  7811 | D:10     | Entered Level 10 of the Dungeon
  7905 | D:10     | Identified the +8 quarterstaff "Jucvehut" {venom, +Blink
                  | Dex+4} (You found it in a bailey)
  7924 | D:10     | Identified the +2 troll leather armour "Tiasostat"
                  | {*Corrode rN++ Regen+ MP+9 SInv} (You found it in a bailey)
  7934 | D:10     | Identified the cursed +1 acid dragon scales of the Black
                  | Moon {rElec rF++ rCorr Str-2} (You found it in a bailey)
  8002 | D:10     | Noticed a gargoyle
  8048 | D:10     | Reached ** piety under Vehumet
  8048 | D:10     | Reached skill level 10 in Fighting
  8048 | D:10     | Reached skill level 1 in Staves
  8088 | D:10     | Killed a gargoyle
  8088 | D:10     | Offered knowledge of Sting by Vehumet.
  8088 | D:10     | Reached skill level 5 in Conjurations
  8146 | D:10     | Found Tyuph's Weapon Shoppe.
  8528 | D:10     | Reached XP level 11. HP: 114/119 MP: 20/24
  8794 | D:10     | Found a staircase to the Lair.
  8820 | D:10     | Noticed a two-headed ogre
  8823 | D:10     | a two-headed ogre changed into an eye of devastation
  8831 | D:10     | HP: 4/119 [disintegration (40)]
  9367 | D:9      | Found a basalt altar of Yredelemnul.
  9416 | D:9      | Found a blossoming altar of Fedhas.
  9555 | D:8      | Learned a level 4 spell: Force Lance
  9644 | D:5      | Noticed Menkaure
  9653 | D:5      | Killed Menkaure
  9698 | D:5      | Found an iron altar of Okawaru.
  9761 | D:5      | Offered knowledge of Stone Arrow by Vehumet.
  9764 | D:5      | Reached skill level 11 in Fighting
  9770 | D:5      | Found a glowing golden altar of the Shining One.
  9819 | D:5      | Killed Grinder
  9823 | D:5      | Reached *** piety under Vehumet
  9842 | D:5      | Found a white marble altar of Elyvilon.
  9853 | D:5      | Noticed Ijyb
  9853 | D:5      | Ijyb changed into Ijyb the bullfrog
  9856 | D:5      | Killed Ijyb the bullfrog
 10375 | D:7      | Killed a +0 short sword of chaos
 10375 | D:7      | Reached skill level 10 in Spellcasting
 10379 | D:7      | Killed Flure's ghost
 10445 | Lair:1   | Entered Level 1 of the Lair of Beasts
 10582 | Lair:1   | Learned a level 1 spell: Confusing Touch
 10720 | Lair:1   | Got a steaming rapier
 10721 | Lair:1   | Identified the +8 rapier "Daosujai" {freeze, +Rage rN+
                  | Str-4} (You found it on level 1 of the Lair of Beasts)
 11659 | Lair:2   | Reached skill level 1 in Armour
 11663 | Lair:2   | Reached skill level 12 in Fighting
 11668 | Lair:2   | Offered knowledge of Mephitic Cloud by Vehumet.
 11761 | Lair:2   | Found a staircase to the Snake Pit.
 11898 | Lair:2   | Reached XP level 12. HP: 124/132 MP: 26/26
 12173 | Lair:3   | Reached skill level 5 in Staves
 12378 | Lair:3   | Noticed Snorg
 12394 | Lair:3   | Noticed a seven-headed hydra
 12397 | Lair:3   | Reached **** piety under Vehumet
 12405 | Lair:3   | You fall into a shaft and drop 3 floors!
 12405 | Lair:6   | Entered Level 6 of the Lair of Beasts
 12432 | Lair:6   | Offered knowledge of Lee's Rapid Deconstruction by Vehumet.
 12438 | Lair:6   | Noticed a catoblepas
 12618 | Lair:5   | Noticed a six-headed hydra
 12626 | Lair:5   | Killed a six-headed hydra
 12717 | Lair:5   | Got a tattered robe
 12932 | Lair:5   | Reached skill level 13 in Fighting
 12966 | Lair:5   | Noticed a seven-headed hydra
 12973 | Lair:5   | Killed a seven-headed hydra
 13080 | Lair:5   | Noticed a six-headed hydra
 13091 | Lair:5   | Killed a six-headed hydra
 13299 | Lair:5   | Reached skill level 5 in Dodging
 13372 | Lair:5   | Identified the cursed +0 robe of Byolli {MP+9 Str+3 Int-4}
                  | (You found it on level 5 of the Lair of Beasts)
 13552 | Lair:5   | Reached XP level 13. HP: 100/144 MP: 27/27
 14205 | Lair:4   | Reached ***** piety under Vehumet
 14206 | Lair:4   | Offered knowledge of Poison Arrow by Vehumet.
 14462 | Lair:4   | Found a staircase to the Shoals.
 14804 | Lair:3   | Reached skill level 5 in Armour
 15662 | D:11     | Reached skill level 14 in Fighting
 16099 | D:11     | Found a staircase to the Orcish Mines.
 16232 | Orc:1    | Entered Level 1 of the Orcish Mines
 16360 | Orc:1    | Found a dark tunnel.
 16370 | Volcano  | Entered a volcano
 16896 | Orc:2    | Entered Level 2 of the Orcish Mines
 17007 | Orc:2    | Reached XP level 14. HP: 105/157 MP: 21/28
 17152 | Orc:2    | Noticed Jorgrun
 17153 | Orc:2    | Noticed Maurice
 17213 | Orc:1    | Offered knowledge of Bolt of Fire by Vehumet.
 17390 | Orc:1    | Killed Maurice
 17704 | Orc:1    | Learned a level 6 spell: Bolt of Fire
 18095 | Orc:2    | Killed Jorgrun
 18100 | Orc:2    | Reached skill level 15 in Fighting
 18198 | Orc:1    | Noticed an orc warlord
 18392 | Orc:2    | Found Idos's Armour Emporium.
 18392 | Orc:2    | Found Boev's Book Boutique.
 18449 | Orc:2    | Found a roughly hewn altar of Beogh.
 18538 | Orc:2    | Found a staircase to the Elven Halls.
 18619 | Orc:2    | Found Gosec's Jewellery Emporium.
 18619 | Orc:2    | Found Appe's Distillery.
 18668 | Orc:2    | Bought a potion of lignification for 39 gold pieces
 18668 | Orc:2    | Bought a potion of heal wounds for 65 gold pieces
 18668 | Orc:2    | Bought a potion of ambrosia for 104 gold pieces
 18668 | Orc:2    | Bought a potion of magic for 104 gold pieces
 18668 | Orc:2    | Bought a potion of might for 52 gold pieces
 18668 | Orc:2    | Bought a potion of curing for 39 gold pieces
 18668 | Orc:2    | Bought a potion of heal wounds for 65 gold pieces
 18668 | Orc:2    | Bought a potion of might for 52 gold pieces
 18668 | Orc:2    | Bought a potion of haste for 130 gold pieces
 18668 | Orc:2    | Bought a potion of heal wounds for 65 gold pieces
 18668 | Orc:2    | Bought 3 potions of curing for 117 gold pieces
 18668 | Orc:2    | Bought a potion of heal wounds for 65 gold pieces
 18668 | Orc:2    | Bought a potion of might for 52 gold pieces
 18668 | Orc:2    | Bought a potion of mutation for 104 gold pieces
 18979 | D:12     | Found a shimmering altar of Xom.
 19188 | D:12     | Offered knowledge of Conjure Ball Lightning by Vehumet.
 19298 | D:12     | Noticed a red very ugly thing
 19660 | D:12     | Killed a cyan very ugly thing
 20203 | D:13     | Identified the +5 shield "Obilobru" {*Drain Regen+ Str+2
                  | Int+2}
 20213 | D:13     | Reached XP level 15. HP: 89/169 MP: 24/29
 20416 | D:13     | Reached skill level 1 in Shields
 20796 | D:13     | Found a gate to the Vaults.
 21145 | D:14     | Offered knowledge of Bolt of Cold by Vehumet.
 21566 | D:15     | Entered Level 15 of the Dungeon
 21742 | D:15     | Reached skill level 5 in Shields
 22054 | D:15     | Got a crude great sword
 22055 | D:15     | Identified the +9 great sword "Cithrid" {vamp, rN++ Int+6
                  | Dex-3} (You found it on level 15 of the Dungeon)
 22129 | D:15     | Found a white marble altar of Elyvilon.
 22655 | D:15     | Found a staircase to the Depths.
 23308 | Lair:6   | Found a viscous altar of Jiyva.
 23311 | Lair:6   | Found a staircase to the Slime Pits.
 23431 | Lair:6   | Reached ****** piety under Vehumet
 23940 | Lair:6   | Reached skill level 16 in Fighting
 24074 | Lair:6   | Got a crude leather armour
 24251 | Lair:6   | Reached XP level 16. HP: 160/182 MP: 26/30
 24273 | Lair:6   | Reached skill level 17 in Fighting
 24335 | Lair:6   | Offered knowledge of Ozocubu's Refrigeration by Vehumet.
 24554 | Snake:1  | Entered Level 1 of the Snake Pit
 25075 | Elf:1    | Entered Level 1 of the Elven Halls
 25115 | Elf:1    | Noticed Roxanne
 25247 | Elf:1    | Noticed Frances
 25444 | Elf:1    | Noticed Aizul
 25464 | Elf:1    | Killed Aizul
 26207 | Elf:2    | Reached skill level 10 in Dodging
 26210 | Elf:2    | Reached skill level 18 in Fighting
 26311 | Elf:2    | Noticed a deep elf blademaster
 26329 | Elf:2    | Found a runed translucent gate.
 26329 | Elf:2    | Found a runed translucent gate.
 26330 | Elf:2    | Found a runed translucent gate.
 26347 | Elf:2    | Offered knowledge of Spellforged Servitor by Vehumet.
 26353 | Elf:2    | Killed a deep elf blademaster
 26656 | Elf:2    | Found Bimiebiw's Food Emporium.
 27152 | Elf:2    | HP: 5/187 [+1 dire flail of draining (14)]
 27152 | Elf:2    | Slain by a +1 dire flail of draining

Levels and vault maps discovered:
D:1:      dpeg_arrival_rooms_c, layout_loops_cross, hex_medium,
          minmay_misc_feat_secret_circle, st_stairs_8, minmay_pentomino_t2
D:2:      layout_basic, chequers_mini_garden, st_stairs_3,
          grunt_decor_mini_mirrors
D:3:      minmay_diamond_boxcup, layout_basic, old_standard_altar,
          chequers_temple_overflow_statue_of_worship, first_ration
D:4:      layout_cave_pods, serial_rivers, chequers_serial_rivers_micro_c,
          chequers_serial_rivers_large_b, chequers_serial_rivers_micro_d,
          chequers_serial_rivers_micro_a, uniq_sigmund, uniq_natasha
D:5:      layout_loops_ring, tso_oasis_becter, okawaru_altar_gauntlet_db,
          tgw_sif, elyvilon_altar_5, uniq_menkaure, uniq_grinder, uniq_ijyb
D:6:      layout_basic, minmay_temple_entry_grid
D:7:      layout_loops_ring, makhleb_heckhound_becter, fiery_altar_vehumet,
          ebering_ghost_xom
D:8:      layout_layer_cave, overflow_temple_1_default, kennysheep_mini,
          uniq_grum
D:9:      layout_cave_pools, fedhas_altar_4, lemuel_zombie_altar_yredelemnul,
          grunt_ogre_cave
D:10:     layout_irregular_city, lair_entry_dummy, serial_shops,
          kennysheep_mini_moat
D:11:     layout_rooms, minmay_orc_entry_guard_dogs, enter_bailey_2
D:12:     dragon1_lemuel, layout_rooms, basic_altar, minmay_the_grid_2x2
          [minmay_the_grid_diamond_grid, minmay_the_grid_empty,
          minmay_the_grid_eight, minmay_the_grid_prize_four_corners]
D:13:     layout_rooms, ximxim_vaults_locker_room
D:14:     layout_long_grid, roderic_roman_lattice
D:15:     grunt_enter_depths_snipers, layout_grid_maze, basic_altar
Temple:   eino_temple_lava
Lair:1:   layout_long_grid, serial_forest, infiniplex_forest_clump_small,
          infiniplex_forest_lined_3, infiniplex_forest_clump_double,
          infiniplex_forest_join, infiniplex_forest_clump_curved,
          infiniplex_forest_clump_cross, infiniplex_forest_straight_2,
          beast_lair_carwin_9
Lair:2:   layout_chaotic_city, minmay_snake_entry_six_corridors,
          chequers_serial_rivers_micro_e, infiniplex_staircase_pool,
          serial_bayou_shore_a
Lair:3:   layout_misc_corridors, nzn_random_ring, uniq_snorg
Lair:4:   layout_gridlike, elwin_shoals_entry_rooms, lemuel_old_faithful,
          minmay_lair_oklob_chamber
Lair:5:   layout_loops_ring, nicolae_quartered_pool_little
Lair:6:   evilmike_catoblepas_cave, layout_loops_ring, slime_altar_1,
          grunt_forest_large_clearings, serial_bayou_shore_b,
          infiniplex_staircase_pool_2, lemuel_fruit_fields
Snake:1:  layout_concentric_octagons, serial_shops, shop, grunt_ministairs_2,
          uniq_kirke
Orc:1:    layout_diamond_mine, enter_volcano_2
Orc:2:    st_orc_town, layout_diamond_mine, uniq_maurice, uniq_jorgrun
Elf:1:    layout_loops_cross, hangedman_elf_disciples, uniq_roxanne,
          uniq_frances, uniq_aizul
Elf:2:    layout_geoelf_grid, serial_shops, shop,
          portal_ice_cave_entry_pillars_four

Skill      XL: |  1  2  3  4  5  6  7  8  9 10 11 12 13 14 15 16 |
---------------+-------------------------------------------------+-----
Conjurations   | 1 2 3 4 5 6 7 8 |  8.4
Fighting       | 1 2 3 4 5 7 9 10 12 13 14 15 16 18 | 18.3
Spellcasting   | 3 4 5 6 8 9 10 | 10.4
Maces & Flails | 1 2 3 4 6 |  6.8
Fire Magic     | 3 4 5 6 7 8 |  8.9
Staves         | 2 4 6 7 |  7.1
Dodging        | 2 5 7 8 10 | 10.4
Armour         | 1 4 6 7 9 |  9.4
Shields        | 9 |  9.0
Stealth        | |  1.4

Action                   |  1- 3 |  4- 6 |  7- 9 | 10-12 | 13-15 | 16-18 || total
-------------------------+-------+-------+-------+-------+-------+-------++-------
Melee: Unarmed           |     5 |       |       |       |       |       ||     5
       Whip              |    82 |   156 |   369 |    21 |       |       ||   628
       Giant club        |       |       |    12 |       |       |       ||    12
       Quarterstaff      |       |       |       |   300 |   528 |    80 ||   908
       Staff             |       |       |       |       |   615 |       ||   615
       Short sword       |       |       |       |       |   222 |   407 ||   629
Throw: Throwing net      |       |       |       |     2 |       |       ||     2
       Dart              |       |       |       |     2 |     3 |     4 ||     9
 Cast: Flame Tongue      |    32 |    22 |    46 |    15 |    45 |       ||   160
       Inner Flame       |     1 |     1 |       |       |       |       ||     2
       Sticky Flame      |       |       |     2 |    70 |   268 |    88 ||   428
       Conjure Flame     |       |       |     2 |       |     2 |       ||     4
       Fireball          |       |       |       |     5 |    53 |    11 ||    69
       Force Lance       |       |       |       |     1 |    23 |     8 ||    32
       Confusing Touch   |       |       |       |       |     1 |     1 ||     2
       Bolt of Fire      |       |       |       |       |     2 |     8 ||    10
 Abil: Evoke Blink       |       |       |       |     1 |     6 |       ||     7
Evoke: Wand              |       |     7 |    18 |    36 |    20 |    21 ||   102
       Fan of gales      |       |       |       |       |       |     2 ||     2
  Use: Potion            |     3 |     3 |     6 |     7 |     8 |    23 ||    50
       Scroll            |     6 |     5 |    11 |    14 |    19 |     7 ||    62
 Stab: Sleeping          |     2 |     2 |     3 |       |       |       ||     7
       Paralysed         |       |       |    17 |       |       |       ||    17
  Eat: Ration            |     1 |       |     8 |     4 |     8 |     3 ||    24
       Chunk             |       |     3 |     7 |    13 |    32 |     8 ||    63
Armor: Robe              |    37 |    70 |   151 |   112 |     3 |       ||   373
       Skin              |       |    53 |       |       |       |    31 ||    84
       Pearl dragon scal |       |       |       |       |   639 |    13 ||   652
       Acid dragon scale |       |       |       |       |       |   114 ||   114
Dodge: Dodged            |    63 |    75 |   178 |   239 |   483 |   170 ||  1208
Block: Other             |       |       |       |       |   190 |    20 ||   210
       Reflection        |       |       |       |       |    18 |    30 ||    48
       Shield            |       |       |       |       |   752 |   539 ||  1291
